 Dungeon Crawl Stone Soup version 0.24-a0-347-g1a3e1d35ff (webtiles) character file.

Game seed: 18122539500570918237

38 MachJacob the Chiller (level 3, 0/16 HPs)
             Began as a Vine Stalker Ice Elementalist on May 23, 2019.
             Succumbed to an adder's poison
             ... on level 2 of the Dungeon.
             The game lasted 00:05:41 (1828 turns).

MachJacob the Chiller (VSIE)                        Turns: 1828, Time: 00:05:42

Health: 0/16       AC:  2    Str: 10    XL:     3   Next: 43%
Magic:  0/7        EV: 12    Int: 16    God:
Gold:   71         SH:  0    Dex: 14    Spells: 4/7 levels left

rFire    . . .     SeeInvis .   f - +0 dagger
rCold    . . .     Gourm    .   (no shield)
rNeg     . . .     Faith    .   a - +0 robe
rPois    .         Spirit   +   (no helmet)
rElec    .         Reflect  .   (no cloak)
rCorr    .         Harm     .   (no gloves)
MR       .....                  (no boots)
Stlth    ++........             (no amulet)
HPRegen  0.05/turn              (no ring)
MPRegen  0.10/turn              (no ring)

@: lethally poisoned (0 -> -11), very slightly contaminated
A: fangs 2, magic shield, antimagic bite, no potion heal 3, rot immunity
a: no special abilities


You were on level 2 of the Dungeon.
You were hungry.

You visited 1 branch of the dungeon, and saw 2 of its levels.

You collected 71 gold pieces.

Inventory:

Hand Weapons
 f - a +0 dagger (weapon)
Missiles
 l - 10 stones (quivered)
Armour
 a - a +0 robe (worn)
Jewellery
 i - an uncursed amulet of magic regeneration {unknown}
Scrolls
 g - a scroll of identify {unknown}
 j - a scroll of fog {unknown}
 k - 3 scrolls of remove curse {unknown}
Potions
 b - a potion of flight {unknown}
 d - 2 potions of haste {unknown}
 e - a potion of brilliance {unknown}
Comestibles
 c - 2 rations
 h - 4 chunks of flesh


   Skills:
 + Level 2.0 Dodging
 - Level 2.4 Stealth
 + Level 2.5 Spellcasting
 * Level 1.5 Conjurations
 * Level 3.6 Ice Magic


You had 4 spell levels left.
You knew the following spells:

 Your Spells              Type           Power        Failure   Level  Hunger
a - Freeze                Ice            ##..         4%          1    #......
b - Throw Frost           Conj/Ice       ##....       11%         2    ##.....

Your spell library contained the following spells:

 Spells                   Type           Power        Failure   Level  Hunger
 Ozocubu's Armour         Chrm/Ice       #.......     28%         3    ###....
 Throw Icicle             Conj/Ice       ##......     56%         4    #####..
 Summon Ice Beast         Ice/Summ       #.......     67%         4    #####..


Dungeon Overview and Level Annotations

Branches:
Dungeon (2/15)

Altars:


Innate Abilities, Weirdness & Mutations

You have extremely sharp teeth.
When hurt, damage is shared between your health and your magic reserves.
Your bite disrupts and absorbs the magic of your enemies.
Potions cannot restore your health.
You are immune to rotting.


Message History

The adder bites you.
Casting: Freeze (safe; 4% risk of failure)
Confirm with . or Enter, or press ? or * to list all spells.
Aiming: Freeze (safe; 4% risk of failure)
Press: ? - help, Shift-Dir - straight line, f/p - crimson imp
Aim: a crimson imp (heavily wounded)
The crimson imp is frozen!
You freeze the crimson imp.
The crimson imp is severely wounded.
The adder bites you.
You are more poisoned.
The adder poisons you! The crimson imp hits you.
* * * LOW HITPOINT WARNING * * *
You barely miss the crimson imp.
The crimson imp is severely wounded.
* * * LOW HITPOINT WARNING * * *
You feel sick. The adder completely misses you. The crimson imp hits you.
* * * LOW HITPOINT WARNING * * *
You barely miss the crimson imp.
The crimson imp is heavily wounded.
You die...

.# #.#.# . ### #.#.### ..#
#.#.... #.# #.##### #.# #.# #.#
..# ### #.# ###
..############.#####.#
#...........!.bS@5...#
...################.#############
#.## .......รทรท... #.#
############ #.# #.# #.#
#.######## #........# ##########


You could see a crimson imp, an adder and a bat.

Vanquished Creatures
  A worm (D:2)
  A dart slug (D:1)
  A leopard gecko (D:1)
  5 goblins (D:1 D:2)
  6 hobgoblins (D:1 D:2)
  2 jackals (D:2)
  A ball python (D:2)
  4 bats (D:1 D:2)
  A frilled lizard (D:2)
  6 kobolds (D:1 D:2)
  2 rats (D:1 D:2)
30 creatures vanquished.

Notes
Turn   | Place    | Note
-------+----------+-------------------------------------------
     0 | D:1      | MachJacob the Vine Stalker Ice Elementalist began the quest
                  | for the Orb.
     0 | D:1      | Reached XP level 1. HP: 9/9 MP: 4/4
   203 | D:1      | Reached XP level 2. HP: 13/13 MP: 0/6
   322 | D:1      | Learned a level 2 spell: Throw Frost
  1349 | D:2      | Reached XP level 3. HP: 16/16 MP: 5/7
  1828 | D:2      | Succumbed to an adder's poison

Levels and vault maps discovered:
D:1:      onia_arrival_pyramid, layout_basic, serial_bayou_pond_e
D:2:      layout_loops_ring, first_ration

Skill      XL: |  1  2 |
---------------+-------+-----
Dodging        | 2 |  2.0
Stealth        | |  2.4
Spellcasting   | |  2.5
Conjurations   | |  1.5
Ice Magic      | |  3.6

Action                   || total
-------------------------++-------
Melee: Unarmed           ||     1
       Dagger            ||    15
       Bite              ||     3
 Cast: Freeze            ||    59
       Throw Frost       ||     2
 Stab: Sleeping          ||     1
  Eat: Chunk             ||     3
Armor: Robe              ||    26
Dodge: Dodged            ||    53

Table legend:
 A = Non-vault XP
 B = Vault XP
 C = Vault XP percentage of total XP
 D = Non-vault monster count
 E = Vault monster count
 F = Vault count percentage of total count
                 A         B        C        D         E       F
            +---------+---------+-------+---------+---------+-------
      Total |      55 |       0 |   0.0 |      30 |       0 |   0.0
            +---------+---------+-------+---------+---------+-------
        D:1 |      31 |       0 |   0.0 |      17 |       0 |   0.0
        D:2 |      24 |       0 |   0.0 |      13 |       0 |   0.0
            +---------+---------+-------+---------+---------+-------
